 Dungeon Crawl Stone Soup version 0.26-a0-649-gf8c6c3aab7 (webtiles) character file.

Game seed: 1169367006002553303

4083 djmy96 the Unseen (level 10, 0/49 HPs)
             Began as a Spriggan Brigand on Sept 28, 2020.
             Was an Elder of Okawaru.
             Succumbed to Maurice's poison
             ... on level 7 of the Dungeon.
             The game lasted 00:28:02 (10682 turns).

djmy96 the Unseen (Spriggan Brigand)               Turns: 10682, Time: 00:28:03

Health: 0/49       AC:  6    Str:  7    XL:     10   Next: 5%
Magic:  11/11      EV: 29    Int: 14    God:    Okawaru [****..]
Gold:   265        SH:  0    Dex: 20    Spells: 9/9 levels left

rFire    . . .     SeeInvis +   n - +2 dagger (venom)
rCold    + . .     Faith    .   (shield restricted)
rNeg     . . .     Spirit   .   r - +2 robe {rF+}
rPois    .         Reflect  .   p - +1 hat
rElec    .         Harm     .   c - +0 cloak
rCorr    .         Rampage  .   (gloves unavailable)
MR       +....                  (boots unavailable)
Stlth    ++++++++..             N - amulet of magic regeneration
HPRegen  0.16/turn              i - ring "Catef" {Ice *Corrode Slay+3 Stlth+}
MPRegen  0.37/turn              P - +4 ring of evasion

@: lethally poisoned (0 -> -8), about to teleport, very quick
A: very small, unfitting armour, see invisible, speed 3
a: Heroism, Renounce Religion


You were on level 7 of the Dungeon.
You worshipped Okawaru.
Okawaru was greatly pleased with you.
You visited 2 branches of the dungeon, and saw 9 of its levels.
You also visited: Sewer.

You collected 487 gold pieces.
You spent 222 gold pieces at shops.

Inventory:

Hand Weapons
 n - a +2 dagger of venom (weapon)
Missiles
 d - 18 poisoned darts
 e - a curare-tipped dart (quivered)
 f - 302 stones
 A - 13 boomerangs
Armour
 c - a +0 cloak (worn)
 p - a +1 hat (worn)
 r - a +2 robe of fire resistance (worn)
Jewellery
 i - the ring "Catef" (left hand) {Ice *Corrode Slay+3 Stlth+}
   (You bought it in a shop on level 8 of the Dungeon)

   [ring of ice]

   It enhances your ice magic.
   It affects your accuracy and damage with ranged weapons and melee attacks
   (+3).
   It makes you vulnerable to fire.
   It protects you from cold.
   It may corrode you when you take damage.
   It makes you more stealthy.
 N - an amulet of magic regeneration (around neck)
 P - a +4 ring of evasion (right hand)
Wands
 b - a wand of acid (10)
 w - a wand of disintegration (30)
 G - a wand of enslavement (10)
 K - a wand of random effects (15)
 L - a wand of digging (5)
Scrolls
 a - a scroll of identify
 g - a scroll of magic mapping


   Skills:
 + Level 3.3 Fighting
 + Level 7.4 Short Blades
 + Level 2.4 Throwing
 + Level 8.8 Dodging
 + Level 16.4 Stealth
 + Level 0.7 Evocations


You had 9 spell levels left.
You didn't know any spells.
Your spell library contained the following spells:

 Spells                   Type           Power        Failure   Level
 Corona                   Hex            #......      28%         1
 Foxfire                  Conj/Fire      #...         28%         1
 Ensorcelled Hibernation  Hex/Ice        #.....       41%         2
 Confusing Touch          Hex            #.......     65%         3
 Conjure Flame            Conj/Fire      #.......     65%         3
 Dazzling Flash           Conj/Hex       #.....       65%         3
 Inner Flame              Hex/Fire       #.......     65%         3
 Tukima's Dance           Hex            #.......     65%         3
 Sticky Flame             Conj/Fire      #.......     96%         4
 Fireball                 Conj/Fire      #.........   100%        5


Dungeon Overview and Level Annotations

Branches:
Dungeon (8/15)             Temple (1/1) D:7           Sewer (visited)
   Lair: D:8-11

Altars:
Cheibriados
Elyvilon
Hepliaklqana
Kikubaaqudgha
Okawaru
Qazlal
Ru
Sif Muna
Yredelemnul
Zin
The Shining One

Shops:
D:6 [   D:7 :   D:8 *?

Annotations:
D:5 1 exclusion
D:8 Grum


Innate Abilities, Weirdness & Mutations

You are very small and have problems with some larger weapons.
You are too small for most types of armour.
You have supernaturally acute eyesight. (SInv)
You cover ground extremely quickly.


Message History

* * * LOW HITPOINT WARNING * * *
You feel sick.
Items here: ! $ ( )) / = ? [ ††.
* * * LOW HITPOINT WARNING * * *
You feel sick.
There is a stone staircase leading up here.
* * * LOW HITPOINT WARNING * * *
You feel sick.
You climb upwards.
* * * LOW HITPOINT WARNING * * *
You feel sick.
There is a stone staircase leading down here.
You aren't carrying any potions.
Okay, then.
As you read the scroll labeled RORCHIR VEN, it crumbles to dust.
You feel strangely unstable.
It was a scroll of teleportation.
* * * LOW HITPOINT WARNING * * *
You feel sick.
Unknown command.
You die...

.##################.....#§§§§§§
## ########## ###.###§§§§§§
#........####...###§§§§§§
#.######.#...#....######§ #.#
#....#.##......._#8 #.#
#.#....###..######§
#.#####....##...#.#§§§§§
###.#......#.######.#§§§§§
#......###.#@####...# §§ §
#.#.#..#.#.....##.#.#
##.#..<.........##.#.####
#...............##.#....#
#..###..........##.####.#
#...............##.####.#
#.##.#.......#####......#
#.##.#......## ######.#
#......#...############.#


There were no monsters in sight!

Vanquished Creatures
  Joseph (D:8)
  Maurice (D:8)
  Maggie (D:6)
  Sigmund (D:3)
  Eustachio (D:5)
  Menkaure (D:4)
  2 orc warriors
  A black bear (D:7)
  A sky beast (D:8)
  2 ogres
  2 big kobolds
  Blork the orc (D:5)
  4 bullfrogs
  A gnoll sergeant (D:5)
  A wyvern skeleton (D:7)
  2 scorpions
  4 howler monkeys
  A bullfrog zombie (D:5)
  A jelly (D:6)
  Crazy Yiuf (D:3)
  A centaur skeleton (D:4)
  2 orc priests
  A bullfrog skeleton (D:5)
  4 hounds
  Ijyb (D:3)
  Terence (D:3)
  Natasha (thrice) (D:4)
  3 iguanas
  10 orc wizards
  7 worker ants
  A hound skeleton (D:6)
  4 gnolls (D:7)
  A worker ant zombie (D:6)
  14 adders
  2 ufetubi
  2 oozes
  2 adder skeletons
  6 worms
  4 dart slugs
  8 leopard geckos
  34 orcs
  2 ball pythons
  10 giant cockroaches
  8 goblins
  9 hobgoblins
  2 jackals (D:3)
  14 kobolds
  A quokka (D:7)
  8 bats
  12 frilled lizards
  A giant cockroach zombie (D:5)
  A leopard gecko skeleton (D:4)
  A leopard gecko zombie (D:7)
  10 rats
220 creatures vanquished.

Vanquished Creatures (others)
  An orc wizard (D:5)
  28 plants (D:2)
  A withered plant (D:4)
30 creatures vanquished.

Grand Total: 250 creatures vanquished

Notes
Turn   | Place    | Note
-------+----------+-------------------------------------------
     0 | D:1      | djmy96 the Spriggan Brigand began the quest for the Orb.
     0 | D:1      | Reached XP level 1. HP: 10/10 MP: 2/2
    25 | D:1      | Reached skill level 6 in Stealth
   119 | D:1      | Reached XP level 2. HP: 14/14 MP: 3/3
   247 | D:1      | Reached skill level 7 in Stealth
   493 | D:1      | Reached XP level 3. HP: 18/18 MP: 4/4
   886 | D:2      | Found a shimmering blue altar of Sif Muna.
  1095 | D:2      | Reached skill level 8 in Stealth
  1142 | D:2      | Reached XP level 4. HP: 15/22 MP: 5/5
  1315 | D:2      | Found an iron altar of Okawaru.
  1319 | D:2      | Became a worshipper of Warmaster Okawaru
  1701 | D:3      | Noticed Terence
  1710 | D:2      | Reached skill level 9 in Stealth
  1909 | D:3      | Reached XP level 5. HP: 25/25 MP: 6/6
  1942 | D:3      | Noticed Ijyb
  1945 | D:3      | Killed Ijyb
  1980 | D:3      | Reached skill level 10 in Stealth
  2155 | D:3      | Killed Terence
  2216 | D:3      | Noticed Sigmund
  2244 | D:3      | Killed Sigmund
  2244 | D:3      | Reached * piety under Okawaru
  2244 | D:3      | Reached skill level 11 in Stealth
  2244 | D:3      | Reached XP level 6. HP: 30/30 MP: 7/7
  2323 | D:3      | Found a runed translucent door.
  2324 | D:3      | Noticed Crazy Yiuf
  2338 | D:3      | Killed Crazy Yiuf
  2577 | D:3      | Reached ** piety under Okawaru
  2577 | D:3      | Reached skill level 12 in Stealth
  3049 | D:4      | Noticed Menkaure
  3084 | D:4      | Noticed Natasha
  3091 | D:3      | Reached XP level 7. HP: 33/33 MP: 8/8
  3302 | D:4      | Killed Natasha
  3424 | D:4      | Reached skill level 13 in Stealth
  3445 | D:4      | Noticed Natasha
  3502 | D:4      | Killed Natasha
  3640 | D:4      | HP: 1/34 [poisoned by an adder]
  3665 | D:4      | Found a glowing drain.
  3671 | Sewer    | Entered a sewer
  4615 | D:4      | Found a basalt altar of Yredelemnul.
  4731 | D:4      | Reached XP level 8. HP: 38/39 MP: 9/9
  4777 | D:4      | Noticed Natasha
  4786 | D:4      | Killed Natasha
  4815 | D:4      | Killed Menkaure
  4815 | D:4      | Reached *** piety under Okawaru
  5131 | D:5      | Entered Level 5 of the Dungeon
  5190 | D:5      | Noticed Eustachio
  5415 | D:5      | Reached skill level 14 in Stealth
  5453 | D:5      | Found a hazy altar of Hepliaklqana.
  5467 | D:5      | Reached skill level 5 in Dodging
  5547 | D:5      | Noticed Blork the orc
  5832 | D:5      | Found a shimmering blue altar of Sif Muna.
  6248 | D:5      | Reached skill level 5 in Short Blades
  7206 | D:5      | Killed Blork the orc
  7240 | D:5      | Killed Eustachio
  7585 | D:6      | Noticed Maggie
  7594 | D:6      | Killed Maggie
  7594 | D:6      | Reached skill level 15 in Stealth
  7594 | D:6      | Reached XP level 9. HP: 43/43 MP: 10/10
  7873 | D:6      | Reached **** piety under Okawaru
  8332 | D:6      | Found Lamijez's Armour Shoppe.
  8826 | D:7      | Found an iron altar of Okawaru.
  9142 | D:7      | Found a white marble altar of Elyvilon.
  9320 | D:7      | Found Sunutox's Book Shoppe.
  9510 | D:7      | Found a stormy altar of Qazlal.
  9575 | D:7      | Found a staircase to the Ecumenical Temple.
  9687 | D:7      | Found a glowing golden altar of the Shining One.
  9687 | D:7      | Found a glowing silver altar of Zin.
  9688 | D:7      | Found a sacrificial altar of Ru.
  9730 | D:7      | Reached skill level 16 in Stealth
  9864 | D:8      | Noticed Grum
  9942 | Temple   | Entered the Ecumenical Temple
 10005 | D:8      | Found Buimof's Magic Scroll Boutique.
 10010 | D:8      | Bought a scroll of identify for 28 gold pieces
 10010 | D:8      | Bought a scroll of magic mapping for 49 gold pieces
 10039 | D:8      | Noticed Joseph
 10246 | D:8      | Killed Joseph
 10587 | D:8      | Found Lohokhlidd's Assorted Antiques.
 10593 | D:8      | Bought a smoking granite ring for 145 gold pieces
 10594 | D:8      | Identified the ring "Catef" {Ice *Corrode Slay+3 Stlth+}
                  | (You bought it in a shop on level 8 of the Dungeon)
 10611 | D:8      | Noticed Maurice
 10666 | D:8      | Killed Maurice
 10666 | D:8      | Received a gift from Okawaru
 10666 | D:8      | Reached XP level 10. HP: 14/49 MP: 11/11
 10680 | D:7      | HP: 1/49 [poisoned by Maurice]
 10682 | D:7      | Succumbed to Maurice's poison

Illustrated notes

Levels and vault maps discovered:
D:1:      saegor_arrival_simple_c, layout_loops_cross
D:2:      layout_loops_ring, okawaru_gym_becter, lemuel_doored_altar,
          minmay_misc_feat_diagonals, serial_bayou_lagoon_a
D:3:      layout_loops_ring, uniq_ijyb, uniq_terence, uniq_sigmund,
          uniq_crazy_yiuf_cottage
D:4:      layout_rooms, yredelemnul_altar_generic, gup_sewer_entry_spiral,
          uniq_natasha, uniq_menkaure
D:5:      layout_gridville, lemuel_round_altar, basic_altar, grunt_ministairs_9,
          kennysheep_diamond, sword_in_stone
D:6:      layout_rooms, serial_shops, kennysheep_mini_moat, minmay_holes,
          serial_bayou_pond_e, chequers_avenue, small_statue_intersection,
          minmay_crystal_room, eino_small_chamber_without_monster, uniq_maggie
D:7:      layout_loops_cross, nicolae_qazlal_eye_of_the_storm, elyvilon_altar_5,
          gammafunk_temple_overflow_claw, minmay_temple_entry_antechambers,
          basic_altar, serial_shops, shop
D:8:      layout_rooms, nicolae_gozag_seed_capital, serial_shops, shop_statue,
          nicolae_shop_stone, nicolae_shop_crystal, shop,
          minmay_sticks_and_stones, uniq_joseph, uniq_maurice, uniq_grum
Temple:   nicolae_temple_hex_pool

Skill      XL: |  1  2  3  4  5  6  7  8  9 |
---------------+----------------------------+-----
Stealth        | 6 7 8 9 11 12 13 15 16 | 16.4
Dodging        | 3 6 8 |  8.8
Short Blades   | 3 5 7 |  7.4
Fighting       | 2 3 |  3.3
Throwing       | |  2.4
Evocations     | |  0.7

Action                   |  1- 3 |  4- 6 |  7- 9 | 10-12 || total
-------------------------+-------+-------+-------+-------++-------
Melee: Dagger            |    69 |   135 |   570 |       ||   774
       Punch             |       |       |     1 |       ||     1
Throw: Dart              |       |     2 |     1 |       ||     3
       Stone             |       |       |    15 |       ||    15
Invok: Heroism           |       |       |     1 |       ||     1
Evoke: Wand              |       |       |     2 |       ||     2
  Use: Potion            |       |       |     1 |       ||     1
       Scroll            |       |       |       |     1 ||     1
 Stab: Sleeping          |    19 |    16 |    25 |       ||    60
       Distracted        |       |     1 |     3 |       ||     4
Armor: Robe              |     7 |    15 |    54 |       ||    76
Dodge: Dodged            |    43 |    73 |   425 |     7 ||   548

Table legend: (Time is in decaauts)
 A = Elapsed time spent in this place.
 B = Non-inter-level travel time spent in this place.
 C = Inter-level travel time spent in this place.
 D = Time resting spent in this place.
 E = Time spent auto-exploring this place.
 F = Levels seen in this place.
 G = Mean time per level.
                   A        B        C        D        E       F      G
               +--------+--------+--------+--------+--------+-----+--------+
         Total |   8491 |   8246 |    245 |    945 |   5203 |  10 |  849.1 |
       Dungeon |   7704 |   7460 |    244 |    945 |   4609 |   8 |  963.0 |
        Temple |     27 |     27 |      0 |      0 |      0 |   1 |   27.0 |
         Sewer |    760 |    760 |      0 |      0 |    594 |   1 |  760.0 |
               +--------+--------+--------+--------+--------+-----+--------+

Top non-repeatable levels by time:
     D:5: 2013 daAuts
     D:3: 1295 daAuts
     D:7: 1181 daAuts
     D:4: 1077 daAuts
   Sewer: 760 daAuts
     D:2: 660 daAuts
     D:6: 654 daAuts
     D:1: 590 daAuts
     D:8: 231 daAuts
  Temple: 27 daAuts
